 Dungeon Crawl Stone Soup version 0.25.1-2-g60ff931df9 (webtiles) character file.

Game seed: 9623561355727124316

2809 nano the Covert (level 9, 0/54 HPs)
             Began as an Octopode Venom Mage on Sept 22, 2020.
             Was a Follower of Uskayaw.
             Slain by a sky beast (3 damage)
             ... on level 7 of the Dungeon.
             The game lasted 00:31:40 (10979 turns).

nano the Covert (Octopode Venom Mage)              Turns: 10979, Time: 00:31:40

Health: 0/54       AC:  1    Str:  8    XL:     9   Next: 72%
Magic:  17/17      EV: 13    Int: 20    God:    Uskayaw [*.....]
Gold:   316        SH:  0    Dex: 12    Spells: 1/19 levels left

rFire    + . .     SeeInvis .   F - +4 war axe (freeze)
rCold    + . .     Gourm    .   (no shield)
rNeg     . . .     Faith    .   (helmet restricted)
rPois    +         Spirit   .   (no amulet)
rElec    +         Reflect  .   (no ring)
rCorr    +         Harm     .   (no ring)
MR       .....                  (no ring)
Stlth    ++++......             (no ring)
HPRegen  0.18/turn              (no ring)
MPRegen  0.15/turn              (no ring)
                                (no ring)
                                (no ring)

@: resistant, heavily drained
A: almost no armour, stealthy swim, amphibious, 8 rings, constrict 8, camouflage
1, gelatinous body 1
a: Stomp, Renounce Religion


You were on level 7 of the Dungeon.
You worshipped Uskayaw.
Uskayaw was noncommittal.
You were hungry.

You visited 2 branches of the dungeon, and saw 8 of its levels.

You collected 316 gold pieces.

Inventory:

Hand Weapons
 d - a +7 dagger
 h - a +2 hand axe of electrocution
 p - a +2 hand axe of flaming
 w - a +1 rapier of venom
 F - a +4 war axe of freezing (weapon)
Missiles
 j - 16 poisoned darts
 r - 11 boomerangs (quivered)
 z - 3 javelins
Jewellery
 q - an uncursed ring of fire
Wands
 e - a wand of paralysis (6)
 n - a wand of random effects (5)
 t - a wand of flame (17)
 x - a wand of polymorph (8)
Scrolls
 a - 2 scrolls of enchant weapon
 f - a scroll of remove curse {@r2}
 k - a scroll of enchant armour {unknown}
 u - a scroll of magic mapping {unknown}
 y - a scroll of blinking {unknown}
 B - a scroll of random uselessness {unknown}
 C - 2 scrolls of amnesia {unknown}
 D - 5 scrolls of teleportation {unknown}
Potions
 c - a potion of ambrosia
 g - 2 potions of curing {@q1}
 i - a potion of mutation {unknown}
 m - a potion of magic
 v - a potion of berserk rage {unknown}
 A - a potion of resistance
 E - a potion of lignification {unknown}
Comestibles
 b - 13 rations


   Skills:
 + Level 2.1(0.1) Fighting
 - Level 6.0(3.7) Throwing
 + Level 3.5(1.4) Dodging
 - Level 8.1(5.7) Stealth
 + Level 5.8(3.5) Spellcasting
 - Level 1.0(0.0) Conjurations
 - Level 1.0(0.0) Transmutations
 - Level 1.0(0.0) Fire Magic
 - Level 1.0(0.0) Air Magic
 * Level 3.2(1.1) Earth Magic
 - Level 8.0(5.6) Poison Magic


You had one spell level left.
You knew the following spells:

 Your Spells              Type           Power        Failure   Level  Hunger
a - Sting                 Tmut/Pois      ##..         4%          1    None
b - Poisonous Vapours     Pois/Air       ##....       6%          2    ##.....
c - Mephitic Cloud        Conj/Pois/Air  ##......     19%         3    ###....
d - Ignite Poison         Fire/Tmut/Pois ##......     19%         3    ###....
e - Olgreb's Toxic Radia  Pois           ####....     13%         4    ####...
f - Bolt of Magma         Conj/Fire/Erth #.........   97%         5    ######.

Your spell library contained the following spells:

 Spells                   Type           Power        Failure   Level  Hunger
 Iskenderun's Battlesphe  Conj/Chrm      #.......     98%         5    ######.
 Iron Shot                Conj/Erth      #.........   100%        6    #######
 Orb of Destruction       Conj           #.........   100%        7    #######
 Spellforged Servitor     Conj/Summ      #.........   100%        7    #######


Dungeon Overview and Level Annotations

Branches:
Dungeon (7/15)             Temple (1/1) D:6

Altars:
Cheibriados
Dithmenos
Elyvilon
Fedhas
Gozag
Hepliaklqana
Kikubaaqudgha
Makhleb
Nemelex Xobeh
Okawaru
Qazlal
Ru
Sif Muna
Trog
Uskayaw
Vehumet
Wu Jian
Xom
Yredelemnul
Zin
The Shining One

Shops:
D:6 *


Innate Abilities, Weirdness & Mutations

You cannot wear most types of armour.
You are very stealthy in the water. (Stealth+)
You are amphibious.
You can wear up to eight rings at the same time.
You can use your tentacles to constrict eight enemies at once.
Your skin changes colour to match your surroundings (Stealth+).
Your rubbery body absorbs attacks. (AC +1, EV +1)


Message History

You miss something. Something hits you.
* * * LOW HITPOINT WARNING * * *
Something shocks you. You resist.
* * * LOW HITPOINT WARNING * * *
You can no longer pass through a line of other dancers.
You are feeling hungry.
You feel better. Something hits you.
* * * LOW HITPOINT WARNING * * *
Something shocks you. You resist.
* * * LOW HITPOINT WARNING * * *
A sky beast appears from thin air!
Reactivating autopickup.
You hit the sky beast but do no damage.
The sky beast flickers out of sight!
Deactivating autopickup; reactivate with Ctrl-A.
Something hits you.
* * * LOW HITPOINT WARNING * * *
Something shocks you. You resist.
* * * LOW HITPOINT WARNING * * *
Something hits you.
You die...

#....)# #.##### #.#
#.# #.# #.# #
#ยง########## .##
#{##....)..#...#.#
##@##.#####..Y....#
#...#.#####.#...#.#
#........##.# .##
#...#.##.##.# #
#####.# .... #..
..# #### ###


There were no monsters in sight!

Vanquished Creatures
  Maggie (D:6)
  A wyvern (D:6)
  A hungry ghost (D:7)
  An orc warrior (D:7)
  2 phantoms
  4 ogres
  2 bullfrogs
  A scorpion (D:4)
  14 wights
  A crimson imp (D:7)
  A bullfrog zombie (D:5)
  2 jellies
  4 orc priests
  2 hounds (D:7)
  3 orc wizards
  A bullfrog skeleton (D:4)
  A centaur skeleton (D:5)
  Ijyb (D:4)
  An iguana (D:4)
  5 worker ants
  10 adders
  3 gnolls (D:5)
  A howler monkey skeleton (D:4)
  2 oozes
  A dart slug (D:1)
  6 leopard geckos
  33 orcs
  A ball python (D:3)
  3 giant cockroaches
  5 goblins
  6 hobgoblins
  4 jackals
  8 quokkas
  14 bats
  9 frilled lizards
  4 kobolds
  A quokka zombie (D:4)
  6 rats
166 creatures vanquished.

Notes
Turn   | Place    | Note
-------+----------+-------------------------------------------
     0 | D:1      | nano the Octopode Venom Mage began the quest for the Orb.
     0 | D:1      | Reached XP level 1. HP: 11/11 MP: 3/3
   302 | D:1      | Reached XP level 2. HP: 17/17 MP: 1/5
   346 | D:1      | Learned a level 2 spell: Poisonous Vapours
  1114 | D:1      | Reached XP level 3. HP: 21/21 MP: 2/6
  1156 | D:1      | Learned a level 3 spell: Mephitic Cloud
  1552 | D:2      | Found a stormy altar of Qazlal.
  1752 | D:2      | Found a shimmering altar of Xom.
  1890 | D:2      | Found a sacrificial altar of Ru.
  1890 | D:2      | Found a shadowy altar of Dithmenos.
  1890 | D:2      | Found a glowing golden altar of the Shining One.
  2181 | D:2      | Found a blossoming altar of Fedhas.
  2654 | D:3      | Reached XP level 4. HP: 27/27 MP: 2/7
  2761 | D:3      | Found an ornate altar of the Wu Jian Council.
  2952 | D:3      | Reached skill level 5 in Poison Magic
  3055 | D:3      | Reached XP level 5. HP: 26/31 MP: 9/9
  3071 | D:3      | Reached skill level 1 in Air Magic
  3160 | D:3      | Reached skill level 1 in Conjurations
  3179 | D:2      | Reached skill level 1 in Throwing
  3475 | D:3      | Learned a level 3 spell: Ignite Poison
  4086 | D:4      | Reached skill level 1 in Fire Magic
  4140 | D:4      | Reached XP level 6. HP: 36/36 MP: 0/10
  4764 | D:4      | Reached skill level 5 in Stealth
  4764 | D:4      | Reached XP level 7. HP: 38/41 MP: 4/12
  4831 | D:4      | Learned a level 4 spell: Olgreb's Toxic Radiance
  5088 | D:4      | Found a bloodstained altar of Trog.
  5118 | D:4      | Noticed Ijyb
  5128 | D:4      | Killed Ijyb
  6454 | D:5      | Entered Level 5 of the Dungeon
  6850 | D:5      | Reached XP level 8. HP: 46/46 MP: 10/14
  7927 | D:6      | Noticed a wyvern
  7932 | D:6      | Killed a wyvern
  8041 | D:6      | Found Beoxkuit's Mass Market.
  8042 | D:6      | Reached skill level 5 in Throwing
  8045 | D:6      | Noticed Maggie
  8146 | D:6      | Killed Maggie
  8312 | D:6      | Found a staircase to the Ecumenical Temple.
  8321 | Temple   | Entered the Ecumenical Temple
  8332 | Temple   | Became a worshipper of Uskayaw the Reveler
  8522 | D:6      | Found an ornate altar of the Wu Jian Council.
  8612 | D:6      | Reached * piety under Uskayaw
  9156 | D:7      | Reached ** piety under Uskayaw
  9160 | D:7      | Reached skill level 5 in Spellcasting
  9160 | D:7      | Reached XP level 9. HP: 51/51 MP: 1/16
  9612 | D:7      | Noticed a brown ugly thing
  9807 | D:7      | Learned a level 5 spell: Bolt of Magma
  9849 | D:7      | Reached skill level 1 in Earth Magic
 10044 | D:7      | Reached skill level 1 in Fighting
 10491 | D:7      | Reached *** piety under Uskayaw
 10494 | D:7      | Reached **** piety under Uskayaw
 10979 | D:7      | Slain by a sky beast

Illustrated notes

Levels and vault maps discovered:
D:1:      nicolae_arrival_somewhat_less_tricky_arrival, layout_basic
D:2:      layout_rooms, xom_teletrap_fun, lemuel_doored_altar,
          gammafunk_temple_overflow_forgotten, nicolae_qazlal_eye_of_the_storm
D:3:      layout_rooms, overflow_temple_1_default, first_ration
D:4:      layout_basic, lemuel_crystal_altar, uniq_ijyb
D:5:      layout_basic
D:6:      layout_loops_ring, minmay_temple_entry_tees, basic_altar,
          minmay_shop_mass, uniq_maggie
D:7:      layout_loops_corners
Temple:   nicolae_temple_great_sept

Skill      XL: |  1  2  3  4  5  6  7  8  9 |
---------------+----------------------------+-----
Poison Magic   | 4 5 6 7 8 |  8.0
Stealth        | 3 4 5 6 7 8 |  8.1
Air Magic      | 1 |  1.0
Conjurations   | 1 |  1.0
Throwing       | 1 2 4 6 |  6.0
Spellcasting   | 3 4 5 |  5.8
Fire Magic     | 1 |  1.0
Earth Magic    | 3 |  3.2
Fighting       | 2 |  2.1
Dodging        | 3 |  3.5
Transmutations | |  1.0

Action                   |  1- 3 |  4- 6 |  7- 9 || total
-------------------------+-------+-------+-------++-------
Melee: Unarmed           |     8 |       |     6 ||    14
       Constrict         |     3 |     6 |    19 ||    28
       Tentacles         |     2 |     1 |    14 ||    17
       Hand axe          |       |    25 |    65 ||    90
       Rapier            |       |       |    35 ||    35
       War axe           |       |       |    15 ||    15
Throw: Dart              |    13 |    27 |    38 ||    78
       Boomerang         |       |       |     8 ||     8
 Cast: Sting             |    43 |    24 |    45 ||   112
       Poisonous Vapours |    24 |    37 |    45 ||   106
       Mephitic Cloud    |       |     3 |    12 ||    15
       Olgreb's Toxic Ra |       |       |    12 ||    12
       Ignite Poison     |       |       |     7 ||     7
Invok: Line Pass         |       |       |     3 ||     3
       Stomp             |       |       |     1 ||     1
Evoke: Wand              |       |       |    20 ||    20
  Use: Scroll            |       |     5 |    10 ||    15
       Potion            |       |       |    13 ||    13
 Stab: Sleeping          |     1 |     1 |     2 ||     4
       Confused          |       |     1 |     3 ||     4
       Invisible         |       |       |     1 ||     1
       Paralysed         |       |       |     5 ||     5
  Eat: Chunk             |     6 |    10 |    18 ||    34
       Ration            |       |       |     4 ||     4
Armor: Skin              |     2 |       |     9 ||    11
Dodge: Dodged            |    28 |    18 |    56 ||   102
